 Dungeon Crawl Stone Soup version 0.26-a0-660-gc07710193c (webtiles) character file.

Game seed: 10541937038636506035

12659 pichaelthompson the Blocker (level 11, -1/79 (80) HPs)
             Began as a Gnoll Fighter on Oct 6, 2020.
             Was a Priest of Ashenzari.
             Slain by a satyr (11 damage)
             ... on level 1 of the Orcish Mines on Oct 7, 2020.
             The game lasted 00:32:13 (13825 turns).

pichaelthompson the Blocker (Gnoll Fighter)        Turns: 13825, Time: 00:32:14

HP:   -1/79 (80)    AC: 18    Str: 26    XL:     11   Next: 96%
MP:   21/21         EV: 11    Int: 12    God:    Ashenzari [***...]
Gold: 534           SH: 13    Dex: 12    Spells: 23/23 levels left

rFire    . . .     SeeInvis +   a - +0 long sword
rCold    + . .     Faith    .   c - +0 kite shield (curse)
rNeg     + . .     Spirit   .   C - +1 chain mail "Loocux" {MR+} (curse)
rPois    +         Reflect  .   A - +0 helmet (curse)
rElec    .         Harm     .   o - +0 cloak
rCorr    .         Rampage  .   H - +0 pair of gloves (curse)
MR       ++...     Rnd*Rage +   (no boots)
Stlth    ..........             e - amulet of magic regeneration
HPRegen  0.23/turn              D - ring of Ywnick {rN+ MR+ Int+2 Dex-5}
MPRegen  0.42/turn              J - +6 ring of strength

@: lightly drained
A: distributed training, fangs 1, berserk 1, cold resistance 1, frail 1, poison
resistance, strong nose
a: Curse Item, Scrying, Renounce Religion


You were on level 1 of the Orcish Mines.
You worshipped Ashenzari.
Ashenzari was most pleased with you.
You visited 3 branches of the dungeon, and saw 15 of its levels.

You collected 917 gold pieces.
You spent 383 gold pieces at shops.

Inventory:

Hand Weapons
 a - a +0 long sword (weapon)
Missiles
 f - 13 boomerangs (quivered)
Armour
 c - a cursed +0 kite shield (worn)
 o - a +0 cloak (worn)
 A - a cursed +0 helmet (worn)
 C - the cursed +1 chain mail "Loocux" (worn) {MR+}
   (You bought it in a shop on level 7 of the Dungeon)

   It affects your resistance to hostile enchantments.
   It has a curse placed upon it.
 H - a cursed +0 pair of gloves (worn)
Jewellery
 e - an amulet of magic regeneration (around neck)
 y - an uncursed ring of flight
 D - the ring of Ywnick (left hand) {rN+ MR+ Int+2 Dex-5}
   (You found it on level 9 of the Dungeon)

   [ring of protection from magic]

   It affects your intelligence (+2).
   It affects your dexterity (-5).
   It protects you from negative energy.
   It affects your resistance to hostile enchantments.
 J - a +6 ring of strength (right hand)
Wands
 l - a wand of polymorph (7)
 G - a wand of flame (12)
 I - a wand of random effects (10)
 N - a wand of iceblast (8)
Scrolls
 b - a scroll of magic mapping {unknown}
 g - 3 scrolls of teleportation
 k - 5 scrolls of amnesia
 m - a scroll of enchant armour {unknown}
 n - 5 scrolls of blinking
 r - 5 scrolls of fog
 s - 2 scrolls of fear
 u - 2 scrolls of noise {unknown}
 v - a scroll of immolation {unknown}
 x - 3 scrolls of enchant weapon
 F - a scroll of remove curse
 L - a scroll of silence {unknown}
Potions
 h - 3 potions of lignification
 i - 2 potions of flight
 j - a potion of mutation
 p - 3 potions of invisibility
 q - 6 potions of haste
 t - a potion of berserk rage
 w - 4 potions of stabbing
 z - 2 potions of brilliance
 B - a potion of cancellation
 E - 2 potions of curing
 K - a potion of magic
 O - a potion of resistance
 P - 2 potions of heal wounds


   Skills:
 + Level 9.5(9.3) Fighting
 + Level 6.8(6.6) Short Blades
 + Level 8.3(8.1) Long Blades
 + Level 6.8(6.6) Axes
 + Level 6.8(6.6) Maces & Flails
 + Level 6.8(6.6) Polearms
 + Level 6.8(6.6) Staves
 + Level 6.8(6.6) Slings
 + Level 6.8(6.6) Bows
 + Level 6.8(6.6) Crossbows
 + Level 6.8(6.6) Throwing
 + Level 9.5(12.0) Armour
 + Level 6.8(6.6) Dodging
 + Level 6.8(6.6) Stealth
 + Level 9.5(11.1) Shields
 + Level 6.8(6.6) Unarmed Combat
 + Level 6.8(6.6) Spellcasting
 + Level 5.6(5.4) Conjurations
 + Level 5.6(5.4) Hexes
 + Level 5.6(5.4) Summonings
 + Level 5.6(5.4) Necromancy
 + Level 5.6(5.4) Translocations
 + Level 5.6(5.4) Transmutations
 + Level 5.6(5.4) Fire Magic
 + Level 5.6(5.4) Ice Magic
 + Level 5.6(5.4) Air Magic
 + Level 5.6(5.4) Earth Magic
 + Level 5.6(5.4) Poison Magic
 + Level 7.4(7.2) Invocations
 + Level 6.8(6.6) Evocations


You had 23 spell levels left.
You didn't know any spells.
Your spell library contained the following spells:

 Spells                   Type           Power        Failure   Level
 Corpse Rot               Necr/Air       N/A          19%         2
 Sublimation of Blood     Necr           ###.......   19%         2
 Confusing Touch          Hex            ###.....     36%         3
 Gell's Gravitas          Tloc           ###.......   36%         3
 Dispel Undead            Necr           ###.....     77%         4
 Petrify                  Tmut/Erth      ###.....     77%         4
 Agony                    Necr           ###.....     98%         5
 Excruciating Wounds      Necr           ###.......   98%         5
 Metabolic Englaciation   Hex/Ice        ###.......   98%         5
 Yara's Violent Unravell  Hex/Tmut       ###.......   98%         5


Dungeon Overview and Level Annotations

Branches:
Dungeon (12/15)            Temple (1/1) D:7            Lair (0/6) D:8
    Orc (2/2) D:12            Elf (0/3) Orc:2

Altars:
Ashenzari
Cheibriados
Dithmenos
Elyvilon
Fedhas
Gozag
Hepliaklqana
Kikubaaqudgha
Makhleb
Nemelex Xobeh
Okawaru
Qazlal
Ru
Sif Muna
Trog
Uskayaw
Vehumet
Wu Jian
Xom
Yredelemnul
Zin
The Shining One
Beogh

Shops:
D:5 :   D:7 *(}   D:8 *   D:9 }

Portals:
Trove: D:12 (give +4 fire dragon scales)

Annotations:
D:9 3 runed translucent doors, pichaelthompson's ghost, novice GnFi


Innate Abilities, Weirdness & Mutations

Your experience applies equally to all skills.
You have very sharp teeth.
Your uncanny sense of smell can sniff out nearby items.
You tend to lose your temper in combat.
Your flesh is cold resistant. (rC+)
You are frail. (-10% HP)
Your system is resistant to poisons. (rPois)


Message History

The magic dart hits you but does no damage.
An orc wizard comes into view. It is wielding a +0 dagger.
The ettin hits you with a +0 dire flail!!
The ettin hits you with a +0 dire flail!!!
* * * LOW HITPOINT WARNING * * *
You hear a shout! x2
There is a stone staircase leading up here.
The ettin hits you but does no damage. You block the ettin's attack.
You climb upwards.
There is a stone staircase leading down here.
Aiming: Polymorph
Press: ? - help, Shift-Dir - straight line, f - ettin
Aim: an ettin, wielding two +0 dire flails (lightly wounded, chance to defeat MR: 49%)
The ettin evaporates and reforms as a satyr!
The satyr hits you.
* * * LOW HITPOINT WARNING * * *
You closely miss the satyr. Your bite misses the satyr.
You block the satyr's attack.
You barely miss the satyr. The satyr hits you!
You die...

.#######...#...........#
.###.#.#...............##
..#.....#...............##
.#......#................###
.......#...................##
....#...............#.#.....#
.###.................#...#.##
..#.............c........###
.#....##....#...@........##
#.....#..............#....#
##...#...>..............).##
#...#..........#....#[)...#
##.#.#.#........#...####.##
##.....#....#.##....# ###
##.#.#.......##...##
######..#.......#.##
##.....#......#


You could see a satyr.

Vanquished Creatures
  A two-headed ogre (D:9)
  Pikel (D:7)
  An orc sorcerer (Orc:1)
  An ugly thing (D:12)
  A deep elf mage (D:12)
  A centaur zombie (D:12)
  Psyche (D:12)
  A komodo dragon (D:8)
  5 trolls
  A shadow (D:12)
  A wraith (D:12)
  2 wyverns
  7 yaks
  A tarantella (D:12)
  A basilisk (D:12)
  A two-headed ogre zombie (D:12)
  A soldier ant (D:11)
  A floating eye (D:8)
  7 water moccasins
  Duvessa (D:5)
  2 ice beasts
  A sky beast (D:8)
  A hornet zombie (D:9)
  6 orc warriors
  4 black bears
  3 phantoms
  8 ogres
  A necrophage (D:10)
  2 centaurs
  11 bullfrogs
  Dowan (D:5)
  2 wyvern skeletons
  A scorpion (D:6)
  4 killer bees (D:11)
  A troll zombie (D:12)
  2 howler monkeys (D:12)
  5 hounds
  A jelly (D:11)
  2 centaur skeletons
  Crazy Yiuf (D:7)
  10 orc priests
  12 orc wizards
  A bullfrog skeleton (D:7)
  9 worker ants
  Terence (D:2)
  3 iguanas
  6 ogre zombies (D:12)
  A hound zombie (D:8)
  3 hound skeletons
  12 adders
  A shadow imp (D:5)
  2 white imps
  3 ufetubi
  2 oozes
  An adder skeleton (D:7)
  4 worms (D:2)
  A dart slug (D:4)
  6 leopard geckos
  46 orcs
  4 giant cockroaches
  2 gnoll zombies (D:2)
  10 goblins
  9 hobgoblins
  12 jackals
  8 kobolds
  7 quokkas
  A ball python (D:4)
  9 bats
  7 frilled lizards
  A goblin skeleton (D:12)
  3 goblin zombies (D:12)
  2 hobgoblin zombies (D:12)
  An orc skeleton (D:12)
  18 orc zombies (D:12)
  2 quokka zombies
  9 rats
325 creatures vanquished.

Vanquished Creatures (others)
  33 fungi (D:8)
  40 plants
73 creatures vanquished.

Grand Total: 398 creatures vanquished

Notes
Turn   | Place    | Note
-------+----------+-------------------------------------------
     0 | D:1      | pichaelthompson the Gnoll Fighter began the quest for the
                  | Orb.
     0 | D:1      | Reached XP level 1. HP: 23/23 MP: 1/1
   135 | D:1      | Reached XP level 2. HP: 29/29 MP: 2/2
   536 | D:2      | Reached XP level 3. HP: 17/35 MP: 3/3
   901 | D:2      | Reached skill level 1 in Invocations
   986 | D:2      | Reached skill level 1 in Short Blades
   986 | D:2      | Reached skill level 1 in Axes
   986 | D:2      | Reached skill level 1 in Maces & Flails
   986 | D:2      | Reached skill level 1 in Polearms
   986 | D:2      | Reached skill level 1 in Staves
   986 | D:2      | Reached skill level 1 in Slings
   986 | D:2      | Reached skill level 1 in Bows
   986 | D:2      | Reached skill level 1 in Crossbows
   986 | D:2      | Reached skill level 1 in Throwing
   986 | D:2      | Reached skill level 1 in Dodging
   986 | D:2      | Reached skill level 1 in Stealth
   986 | D:2      | Reached skill level 1 in Unarmed Combat
   986 | D:2      | Reached skill level 1 in Spellcasting
   986 | D:2      | Reached skill level 1 in Evocations
   986 | D:2      | Reached XP level 4. HP: 41/41 MP: 5/5
  1167 | D:2      | Noticed Terence
  1179 | D:2      | Killed Terence
  1179 | D:2      | Reached skill level 1 in Conjurations
  1179 | D:2      | Reached skill level 1 in Hexes
  1179 | D:2      | Reached skill level 1 in Summonings
  1179 | D:2      | Reached skill level 1 in Necromancy
  1179 | D:2      | Reached skill level 1 in Translocations
  1179 | D:2      | Reached skill level 1 in Transmutations
  1179 | D:2      | Reached skill level 1 in Fire Magic
  1179 | D:2      | Reached skill level 1 in Ice Magic
  1179 | D:2      | Reached skill level 1 in Air Magic
  1179 | D:2      | Reached skill level 1 in Earth Magic
  1179 | D:2      | Reached skill level 1 in Poison Magic
  1311 | D:2      | Reached XP level 5. HP: 47/47 MP: 6/6
  1598 | D:2      | Found a basalt altar of Yredelemnul.
  1656 | D:2      | Found a faded altar of an unknown god.
  2236 | D:3      | Found a white marble altar of Elyvilon.
  2236 | D:3      | Found a transporter.
  2244 | D:3      | Found a transporter.
  2300 | D:3      | Reached XP level 6. HP: 26/53 MP: 8/8
  2307 | D:3      | Reached skill level 5 in Long Blades
  3409 | D:4      | Reached XP level 7. HP: 51/59 MP: 10/10
  4303 | D:5      | Entered Level 5 of the Dungeon
  4471 | D:5      | Gained mutation: You are frail. (-10% HP) [potion of
                  | mutation]
  4471 | D:5      | Gained mutation: You tend to lose your temper in combat.
                  | [potion of mutation]
  4471 | D:5      | Gained mutation: Your flesh is cold resistant. (rC+)
                  | [potion of mutation]
  4471 | D:5      | Gained mutation: Your system is resistant to poisons.
                  | (rPois) [potion of mutation]
  4473 | D:5      | HP: 1/54 [ogre/+0 giant club (4)]
  4775 | D:5      | Got a spiked scale mail
  4786 | D:5      | Identified the cursed +1 scale mail "Oplellue" {Regen+
                  | SInv} (You found it on level 5 of the Dungeon)
  4799 | D:5      | Found a broken altar of Ashenzari.
  4846 | D:5      | Became a worshipper of Ashenzari the Shackled
  5151 | D:5      | Found Muot's Book Shop.
  5268 | D:6      | Noticed Duvessa
  5268 | D:6      | Noticed Dowan
  5286 | D:5      | Reached XP level 8. HP: 50/60 MP: 12/12
  5325 | D:5      | Killed Duvessa
  5337 | D:5      | Killed Dowan
  5445 | D:6      | Noticed a troll
  5453 | D:6      | Killed a troll
  5470 | D:6      | Noticed a wyvern
  5482 | D:6      | Killed a wyvern
  5613 | D:6      | Reached XP level 9. HP: 64/64 MP: 14/14
  5898 | D:6      | Found an opulent altar of Gozag.
  5901 | D:6      | Found a glowing silver altar of Zin.
  5922 | D:6      | Reached * piety under Ashenzari
  5924 | D:6      | Found a blossoming altar of Fedhas.
  5926 | D:6      | Found a shimmering altar of Xom.
  6121 | D:7      | Found a staircase to the Ecumenical Temple.
  6131 | Temple   | Entered the Ecumenical Temple
  6396 | D:7      | Found Hinin's Gadget Emporium.
  6528 | D:7      | Found Zasuciag's Weapon Boutique.
  6609 | D:7      | Found Eket's Assorted Antiques.
  6614 | D:7      | Bought an ichor-stained chain mail for 199 gold pieces
  6614 | D:7      | Identified the cursed +1 chain mail "Loocux" {MR+} (You
                  | bought it in a shop on level 7 of the Dungeon)
  6706 | D:7      | Found a runed translucent door.
  6707 | D:7      | Noticed Crazy Yiuf
  6713 | D:7      | Killed Crazy Yiuf
  7373 | D:8      | Noticed Pikel
  7429 | D:7      | Killed Pikel
  7429 | D:7      | Reached skill level 5 in Invocations
  7476 | D:8      | Noticed a two-headed ogre
  7659 | D:8      | Noticed a komodo dragon
  7668 | D:8      | HP: 1/66 [komodo dragon (26)]
  7791 | D:8      | Reached XP level 10. HP: 43/72 MP: 17/17
  7928 | D:8      | Reached skill level 5 in Short Blades
  7928 | D:8      | Reached skill level 5 in Axes
  7928 | D:8      | Reached skill level 5 in Maces & Flails
  7928 | D:8      | Reached skill level 5 in Polearms
  7928 | D:8      | Reached skill level 5 in Staves
  7928 | D:8      | Reached skill level 5 in Slings
  7928 | D:8      | Reached skill level 5 in Bows
  7928 | D:8      | Reached skill level 5 in Crossbows
  7928 | D:8      | Reached skill level 5 in Throwing
  7928 | D:8      | Reached skill level 5 in Dodging
  7928 | D:8      | Reached skill level 5 in Stealth
  7928 | D:8      | Reached skill level 5 in Unarmed Combat
  7928 | D:8      | Reached skill level 5 in Spellcasting
  7928 | D:8      | Reached skill level 5 in Evocations
  7992 | D:8      | Found a staircase to the Lair.
  8023 | D:8      | a two-headed ogre changed into a floating eye
  8026 | D:8      | Paralysed by a floating eye for 4 turns
  8079 | D:8      | Found Carr's General Store.
  8125 | D:8      | Reached ** piety under Ashenzari
  8133 | D:8      | Bought a +0 pair of gloves for 72 gold pieces
  8133 | D:8      | Bought a scroll of identify for 32 gold pieces
  8133 | D:8      | Bought a scroll of remove curse for 48 gold pieces
  8133 | D:8      | Bought a scroll of identify for 32 gold pieces
  8849 | D:9      | Found a runed translucent gate.
  8853 | D:9      | Found Duyrehig's Gadget Shoppe.
  8879 | D:9      | Found a runed translucent gate.
  8880 | D:9      | Noticed an 11-headed hydra
  8880 | D:9      | Noticed pichaelthompson's ghost (novice GnFi)
  8884 | D:9      | Found a runed translucent gate.
  9004 | D:9      | Identified the ring of Ywnick {rN+ MR+ Int+2 Dex-5}
  9093 | D:9      | Noticed a two-headed ogre
  9110 | D:9      | Killed a two-headed ogre
  9782 | D:10     | Entered Level 10 of the Dungeon
  9977 | D:10     | Reached XP level 11. HP: 46/78 MP: 19/19
 10287 | D:10     | Reached skill level 5 in Conjurations
 10287 | D:10     | Reached skill level 5 in Hexes
 10287 | D:10     | Reached skill level 5 in Summonings
 10287 | D:10     | Reached skill level 5 in Necromancy
 10287 | D:10     | Reached skill level 5 in Translocations
 10287 | D:10     | Reached skill level 5 in Transmutations
 10287 | D:10     | Reached skill level 5 in Fire Magic
 10287 | D:10     | Reached skill level 5 in Ice Magic
 10287 | D:10     | Reached skill level 5 in Air Magic
 10287 | D:10     | Reached skill level 5 in Earth Magic
 10287 | D:10     | Reached skill level 5 in Poison Magic
 11366 | D:12     | Noticed Snorg
 11366 | D:12     | Noticed a deep elf mage
 11387 | D:12     | Found a portal to a secret trove of treasure.
 11572 | D:12     | Noticed a white ugly thing
 11592 | D:12     | Killed a white ugly thing
 11859 | D:12     | Noticed Snorg
 11859 | D:12     | Snorg changed into Snorg the queen bee
 11861 | D:12     | Noticed Snorg
 11861 | D:12     | Snorg the queen bee changed into Snorg the tarantella
 11867 | D:12     | Killed Snorg the tarantella
 11942 | D:12     | Found a staircase to the Orcish Mines.
 12429 | D:12     | Found a white marble altar of Elyvilon.
 12466 | D:12     | Noticed Psyche
 12481 | D:12     | Killed Psyche
 12517 | D:12     | Killed a deep elf mage
 12978 | Orc:1    | Entered Level 1 of the Orcish Mines
 13225 | Orc:1    | Reached *** piety under Ashenzari
 13269 | Orc:1    | Noticed an orc sorcerer
 13292 | Orc:1    | Killed an orc sorcerer
 13537 | Orc:1    | Found a roughly hewn altar of Beogh.
 13773 | Orc:2    | Entered Level 2 of the Orcish Mines
 13809 | Orc:1    | Noticed an ettin
 13823 | Orc:1    | Noticed a satyr
 13823 | Orc:1    | an ettin changed into a satyr
 13825 | Orc:1    | Slain by a satyr

Illustrated notes

Levels and vault maps discovered:
D:1:      minmay_arrival_radiant_lines, layout_basic
D:2:      minmay_inner_zag, layout_loops_corners,
          lemuel_zombie_altar_yredelemnul, chequers_ecumenical_altar_lobes,
          minivault_14, uniq_terence
D:3:      layout_loops_cross, gammafunk_temple_overflow_arena
D:4:      layout_layer_cave, minmay_cut_off
D:5:      layout_gridville, nicolae_ashenzari_panopticon, serial_shops, shop
D:6:      layout_rooms, nicolae_overflow_hidden_temple, uniq_duvessa
D:7:      layout_gridville, minmay_temple_entry_grid, serial_shops, shop,
          kennysheep_little_box, nicolae_shop_behind_doors, minivault_14,
          grunt_ministairs_6, uniq_crazy_yiuf_cottage
D:8:      layout_basic, due_lair_maze_entry_diamond, serial_shops,
          shop_fountains, uniq_pikel
D:9:      layout_rooms, gammafunk_ghost_hydra_chop, serial_shops, shop,
          nicolae_straight_to_the_point
D:10:     layout_roguey
D:11:     layout_basic
D:12:     layout_loops_ring, zombieorc2_lemuel, nicolae_trove_entry_free_sample,
          elyvilon_altar_5, uniq_psyche, uniq_snorg
Temple:   regret_index_temple_generic_petals
Orc:1:    nicolae_orc_accident_2, layout_caves
Orc:2:    st_orc_rangers, layout_diamond_mine, serial_shops, nicolae_shop_stone,
          shop, basic_altar, sword_in_stone

Skill      XL: |  1  2  3  4  5  6  7  8  9 10 11 |
---------------+----------------------------------+-----
Invocations    | 1 2 3 4 5 6 7 |  7.4
Short Blades   | 1 2 3 4 5 6 |  6.8
Axes           | 1 2 3 4 5 6 |  6.8
Maces & Flails | 1 2 3 4 5 6 |  6.8
Polearms       | 1 2 3 4 5 6 |  6.8
Staves         | 1 2 3 4 5 6 |  6.8
Slings         | 1 2 3 4 5 6 |  6.8
Bows           | 1 2 3 4 5 6 |  6.8
Crossbows      | 1 2 3 4 5 6 |  6.8
Throwing       | 1 2 3 4 5 6 |  6.8
Dodging        | 1 2 3 4 5 6 |  6.8
Stealth        | 1 2 3 4 5 6 |  6.8
Unarmed Combat | 1 2 3 4 5 6 |  6.8
Spellcasting   | 1 2 3 4 5 6 |  6.8
Evocations     | 1 2 3 4 5 6 |  6.8
Conjurations   | 1 2 3 4 5 |  5.6
Hexes          | 1 2 3 4 5 |  5.6
Summonings     | 1 2 3 4 5 |  5.6
Necromancy     | 1 2 3 4 5 |  5.6
Translocations | 1 2 3 4 5 |  5.6
Transmutations | 1 2 3 4 5 |  5.6
Fire Magic     | 1 2 3 4 5 |  5.6
Ice Magic      | 1 2 3 4 5 |  5.6
Air Magic      | 1 2 3 4 5 |  5.6
Earth Magic    | 1 2 3 4 5 |  5.6
Poison Magic   | 1 2 3 4 5 |  5.6
Long Blades    | 5 6 7 8 |  8.3
Fighting       | 7 8 9 |  9.5
Armour         | 7 8 9 |  9.5
Shields        | 7 8 9 |  9.5

Action                   |  1- 3 |  4- 6 |  7- 9 | 10-12 || total
-------------------------+-------+-------+-------+-------++-------
Melee: Long sword        |    75 |   200 |   381 |   788 ||  1444
       Bite              |     8 |    24 |    65 |   133 ||   230
Throw: Boomerang         |       |       |     5 |    16 ||    21
Invok: Curse Item        |       |       |     1 |     2 ||     3
Evoke: Wand              |       |       |       |    11 ||    11
  Use: Potion            |       |       |     3 |       ||     3
       Scroll            |       |       |    11 |     9 ||    20
 Stab: Sleeping          |       |       |     1 |     4 ||     5
Armor: Scale mail        |    22 |       |   154 |   182 ||   358
       Plate armour      |     3 |   130 |    19 |       ||   152
       Chain mail        |       |       |       |    24 ||    24
Dodge: Dodged            |    23 |    46 |   207 |   273 ||   549
Block: Kite shield       |    52 |   137 |   279 |   467 ||   935
       Rpst.: Long sword |     8 |    16 |    63 |    87 ||   174

Table legend: (Time is in decaauts)
 A = Elapsed time spent in this place.
 B = Non-inter-level travel time spent in this place.
 C = Inter-level travel time spent in this place.
 D = Time resting spent in this place.
 E = Time spent auto-exploring this place.
 F = Levels seen in this place.
 G = Mean time per level.
                   A        B        C        D        E       F      G
               +--------+--------+--------+--------+--------+-----+--------+
         Total |  14119 |  14119 |      0 |   1722 |   7481 |  15 |  941.3 |
       Dungeon |  13039 |  13039 |      0 |   1441 |   6948 |  12 | 1086.6 |
        Temple |    228 |    228 |      0 |      0 |    192 |   1 |  228.0 |
  Orcish Mines |    851 |    851 |      0 |    281 |    341 |   2 |  425.5 |
               +--------+--------+--------+--------+--------+-----+--------+

Top non-repeatable levels by time:
     D:2: 1528 daAuts
     D:7: 1451 daAuts
    D:12: 1401 daAuts
     D:4: 1385 daAuts
     D:9: 1148 daAuts
     D:8: 1105 daAuts
     D:5: 1102 daAuts
    D:11: 1031 daAuts
     D:3: 941 daAuts
    D:10: 830 daAuts
   Orc:1: 808 daAuts
     D:6: 574 daAuts
     D:1: 536 daAuts
  Temple: 228 daAuts
   Orc:2: 43 daAuts
